SL
COLUMBUS TIDAL WAVES @ PHILADEPHIA 1776 BC
09/19/2017
 
TOP OF THE 1ST
Columbus Tidal Waves batting - Pitching for Philadephia 1776 BC : RHP Earnest Casey
Pitching: RHP Earnest Casey
Batting: RHB Cale Sutton 0-0: Called Strike
0-1: Swinging Strike
0-2: Ball
1-2: Foul Ball, location: 2F
1-2: Foul Ball, location: 2F
1-2: Foul Ball, location: 2F
1-2: SINGLE (Line Drive, 89S)
Batting: RHB George McDonald 0-0: Ball
1-0: Ball
2-0: Foul Ball, location: 2F
2-1: Swinging Strike
2-2: Strikes out swinging
Batting: LHB Gonzalo López 0-0: Called Strike
0-1: Called Strike
Cale Sutton steals 2nd base
0-2: Ball
1-2: Foul Ball, location: 2F
1-2: Strikes out looking
Batting: LHB James Murray 0-0: Foul Ball, location: 2F
0-1: Ball
1-1: Ball
2-1: Ball
3-1: Base on Balls
Batting: RHB Juan Alvarado 0-0: Ball
1-0: Called Strike
1-1: Called Strike
1-2: Ball
2-2: Foul Ball, location: 2F
2-2: Ground out 3-1 (Groundball, 34)
Top of the 1st over - 0 run(s), 1 hit(s), 0 error(s), 2 left on base; Columbus 0 - Philadephia 1776 0
BOTTOM OF THE 1ST
Philadephia 1776 BC batting - Pitching for Columbus Tidal Waves : LHP Mike Terry
Pitching: LHP Mike Terry
Batting: LHB Manuel García 0-0: Ball
1-0: Called Strike
1-1: Ball
2-1: Ground out 6-3 (Groundball, 6)
Batting: RHB José Ramos 0-0: Ball
1-0: Foul Ball, location: 2F
1-1: DOUBLE (Flyball, 7D) - OUT at third base trying to stretch hit.
Batting: RHB Tommy Jones 0-0: Foul Ball, location: 2F
0-1: Ball
1-1: Ball
2-1: Foul Ball, location: 2F
2-2: Ground out 5-3 (Groundball, 5L)
Bottom of the 1st over - 0 run(s), 1 hit(s), 0 error(s), 0 left on base; Columbus 0 - Philadephia 1776 0
TOP OF THE 2ND
Columbus Tidal Waves batting - Pitching for Philadephia 1776 BC : RHP Earnest Casey
Batting: RHB Kevin Howard 0-0: Ball
1-0: Ball
2-0: Called Strike
2-1: Foul Ball, location: 2F
2-2: Foul Ball, location: 2F
2-2: Ground out 5-3 (Groundball, 5)
Batting: LHB Trent Kershaw 0-0: Called Strike
0-1: Swinging Strike
0-2: SINGLE (Groundball, 4MD)
Batting: RHB Brian Lynch 0-0: Called Strike
0-1: Foul Ball, location: 2F
0-2: Foul Ball, location: 2F
0-2: DOUBLE (Groundball, 3D)
Trent Kershaw to third
Batting: LHB Mike Terry 0-0: Swinging Strike
0-1: Ball
1-1: Foul Ball, location: 2F
1-2: Strikes out swinging
Batting: RHB Cale Sutton 0-0: Ball
1-0: Called Strike
1-1: Foul Ball, location: 2F
1-2: Foul Ball, location: 2F
1-2: Ground out 4-3 (Groundball, 4)
Top of the 2nd over - 0 run(s), 2 hit(s), 0 error(s), 2 left on base; Columbus 0 - Philadephia 1776 0
BOTTOM OF THE 2ND
Philadephia 1776 BC batting - Pitching for Columbus Tidal Waves : LHP Mike Terry
Batting: RHB Brian O'Brian 0-0: Called Strike
0-1: Foul Ball, location: 2F
0-2: Ground out 4-3 (Groundball, 4)
Batting: RHB Tanner Watkins 0-0: Called Strike
0-1: Ball
1-1: SINGLE (Groundball, 6MD)
Batting: RHB Lúcio Montoya 0-0: Ball
1-0: Ball
2-0: Called Strike
2-1: Swinging Strike
2-2: Ground out 5-3 (Groundball, 56)
Tanner Watkins to second
Batting: LHB Rubén Alte 0-0: Swinging Strike
0-1: Ball
1-1: Ball
2-1: Swinging Strike
2-2: Ground out 5-3 (Groundball, 56)
Bottom of the 2nd over - 0 run(s), 1 hit(s), 0 error(s), 1 left on base; Columbus 0 - Philadephia 1776 0
TOP OF THE 3RD
Columbus Tidal Waves batting - Pitching for Philadephia 1776 BC : RHP Earnest Casey
Batting: RHB George McDonald 0-0: Ball
1-0: Ground out 6-3 (Groundball, 6)
Batting: LHB Gonzalo López 0-0: Called Strike
0-1: Swinging Strike
0-2: Ball
1-2: Foul Ball, location: 2F
1-2: Ball
2-2: Ball
3-2: Fly out, F8 (Line Drive, 8RXD)
Batting: LHB James Murray 0-0: Ball
1-0: Swinging Strike
1-1: Ball
2-1: Ball
3-1: Foul Ball, location: 2F
3-2: Foul Ball, location: 2F
3-2: Foul Ball, location: 2F
3-2: Foul Ball, location: 2F
3-2: Foul Ball, location: 2F
3-2: Fly out, F9 (Line Drive, 89S)
Top of the 3rd over - 0 run(s), 0 hit(s), 0 error(s), 0 left on base; Columbus 0 - Philadephia 1776 0
BOTTOM OF THE 3RD
Philadephia 1776 BC batting - Pitching for Columbus Tidal Waves : LHP Mike Terry
Batting: SHB Matthieu Servergnini 0-0: Swinging Strike
0-1: Ball
1-1: Ball
2-1: Fly out, F5 (Popup, 5F)
Batting: SHB Earnest Casey 0-0: Ball
1-0: Foul Ball, location: 2F
1-1: Swinging Strike
1-2: Ground out 5-3 (Groundball, 56S)
Batting: LHB Manuel García 0-0: Ground out 6-3 (Groundball, 6)
Bottom of the 3rd over - 0 run(s), 0 hit(s), 0 error(s), 0 left on base; Columbus 0 - Philadephia 1776 0
TOP OF THE 4TH
Columbus Tidal Waves batting - Pitching for Philadephia 1776 BC : RHP Earnest Casey
Batting: RHB Juan Alvarado 0-0: Ball
1-0: Fly out, F8 (Line Drive, 8LM)
Batting: RHB Kevin Howard 0-0: Ball
1-0: Ball
2-0: Ball
3-0: Called Strike
3-1: Called Strike
3-2: Foul Ball, location: 2F
3-2: Fly out, F9 (Line Drive, 9M)
Batting: LHB Trent Kershaw 0-0: SINGLE (Line Drive, 9S)
Pitching: RHP Alberto Ortíz
Batting: RHB Brian Lynch 0-0: Ball
1-0: Ball
2-0: Foul Ball, location: 2F
2-1: Ball
3-1: Ground out 1-3 (Groundball, 23)
Top of the 4th over - 0 run(s), 1 hit(s), 0 error(s), 1 left on base; Columbus 0 - Philadephia 1776 0
BOTTOM OF THE 4TH
Philadephia 1776 BC batting - Pitching for Columbus Tidal Waves : LHP Mike Terry
Batting: RHB José Ramos 0-0: Called Strike
0-1: Ball
1-1: Swinging Strike
1-2: Strikes out swinging
Batting: RHB Tommy Jones 0-0: Ball
1-0: Fly out, F7 (Flyball, 8LM)
Batting: RHB Brian O'Brian 0-0: Ball
1-0: Called Strike
1-1: Ball
2-1: Foul Ball, location: 2F
2-2: Ball
3-2: Base on Balls
Pitching: LHP Han-lee Pak
Batting: RHB Tanner Watkins 0-0: Ball
1-0: Ball
2-0: Ball
3-0: Called Strike
3-1: Base on Balls
Brian O'Brian to second
Batting: RHB Lúcio Montoya 0-0: Ground out 6-3 (Groundball, 6)
Bottom of the 4th over - 0 run(s), 0 hit(s), 0 error(s), 2 left on base; Columbus 0 - Philadephia 1776 0
TOP OF THE 5TH
Columbus Tidal Waves batting - Pitching for Philadephia 1776 BC : RHP Alberto Ortíz
Batting: LHB Han-lee Pak 0-0: Called Strike
0-1: Swinging Strike
0-2: Ball
1-2: Foul Ball, location: 2F
1-2: Strikes out swinging
Batting: RHB Cale Sutton 0-0: Ball
1-0: Swinging Strike
1-1: Ball
2-1: Ground out 1-3 (Groundball, 15S)
Batting: RHB George McDonald 0-0: Ball
1-0: Ball
2-0: Foul Ball, location: 2F
2-1: SINGLE (Flyball, 9LM)
Batting: LHB Gonzalo López 0-0: Called Strike
0-1: Ball
1-1: Foul Ball, location: 2F
1-2: Ball
2-2: Foul Ball, location: 2F
2-2: Strikes out swinging
Top of the 5th over - 0 run(s), 1 hit(s), 0 error(s), 1 left on base; Columbus 0 - Philadephia 1776 0
BOTTOM OF THE 5TH
Philadephia 1776 BC batting - Pitching for Columbus Tidal Waves : LHP Han-lee Pak
Batting: LHB Rubén Alte 0-0: Ball
1-0: Swinging Strike
1-1: Foul Ball, location: 2F
1-2: Strikes out swinging
Batting: SHB Matthieu Servergnini 0-0: Foul Ball, location: 2F
0-1: Swinging Strike
0-2: Ball
1-2: Foul Ball, location: 2F
1-2: Foul Ball, location: 2F
1-2: Ball
2-2: DOUBLE (Line Drive, 7LM)
Batting: RHB Alberto Ortíz 0-0: Called Strike
0-1: Called Strike
0-2: Strikes out swinging
Batting: LHB Manuel García 0-0: Ground out 1-3 (Groundball, 13)
Bottom of the 5th over - 0 run(s), 1 hit(s), 0 error(s), 1 left on base; Columbus 0 - Philadephia 1776 0
TOP OF THE 6TH
Columbus Tidal Waves batting - Pitching for Philadephia 1776 BC : RHP Alberto Ortíz
Batting: LHB James Murray 0-0: Ball
1-0: Ball
2-0: DOUBLE (Line Drive, 6)
Batting: RHB Juan Alvarado 0-0: SINGLE (Groundball, 13) (infield hit)
James Murray to third
Batting: RHB Kevin Howard 0-0: Ground out 6-3 (Groundball, 6)
Juan Alvarado to second
Batting: LHB Trent Kershaw 0-0: Called Strike
0-1: 3-RUN HOME RUN (Flyball, 9D), Distance : 370 ft
Pitching: LHP Michael Campbell
Batting: RHB Brian Lynch 0-0: Ball
1-0: Ball
2-0: Called Strike
2-1: Called Strike
2-2: Ball
3-2: Strikes out looking
Pinch Hitting: RHB Justin Maldonado 0-0: Called Strike
0-1: Fly out, F8 (Line Drive, 8LM)
Top of the 6th over - 3 run(s), 3 hit(s), 0 error(s), 0 left on base; Columbus 3 - Philadephia 1776 0
BOTTOM OF THE 6TH
Philadephia 1776 BC batting - Pitching for Columbus Tidal Waves : LHP Han-lee Pak
Pitching: RHP Ben Davis
Batting: RHB José Ramos 0-0: Ball
1-0: Foul Ball, location: 2F
1-1: Ball
2-1: Ball
3-1: Ground out 4-3 (Groundball, 4)
Batting: RHB Tommy Jones 0-0: Foul Ball, location: 2F
0-1: Foul Ball, location: 2F
0-2: Foul Ball, location: 2F
0-2: Ball
1-2: Ball
2-2: Strikes out looking
Batting: RHB Brian O'Brian 0-0: Ball
1-0: Ball
2-0: SOLO HOME RUN (Flyball, 9D), Distance : 367 ft
Batting: RHB Tanner Watkins 0-0: Called Strike
0-1: Ball
1-1: Called Strike
1-2: Strikes out swinging
Bottom of the 6th over - 1 run(s), 1 hit(s), 0 error(s), 0 left on base; Columbus 3 - Philadephia 1776 1
TOP OF THE 7TH
Columbus Tidal Waves batting - Pitching for Philadephia 1776 BC : LHP Michael Campbell
Batting: RHB Cale Sutton 0-0: Called Strike
0-1: Ball
1-1: SOLO HOME RUN (Line Drive, 89XD), Distance : 426 ft
Batting: RHB George McDonald 0-0: Ball
1-0: Called Strike
1-1: Foul Ball, location: 2F
1-2: SINGLE (Line Drive, 89S)
Batting: LHB Gonzalo López 0-0: Called Strike
0-1: Ball
1-1: Foul Ball, location: 2F
1-2: Strikes out swinging
Batting: LHB James Murray 0-0: Ball
George McDonald is caught stealing 2nd base
1-0: Foul Ball, location: 2F
1-1: Ball
2-1: Ball
3-1: Base on Balls
Batting: RHB Juan Alvarado 0-0: Ball
1-0: Ball
2-0: Ball
3-0: Called Strike
3-1: Foul Ball, location: 2F
3-2: Foul Ball, location: 2F
3-2: Foul Ball, location: 2F
3-2: Foul Ball, location: 2F
3-2: Base on Balls
James Murray to second
Batting: RHB Kevin Howard 0-0: Swinging Strike
0-1: Ball
1-1: Ball
2-1: Foul Ball, location: 2F
2-2: Ball
3-2: Strikes out swinging
Top of the 7th over - 1 run(s), 2 hit(s), 0 error(s), 2 left on base; Columbus 4 - Philadephia 1776 1
BOTTOM OF THE 7TH
Philadephia 1776 BC batting - Pitching for Columbus Tidal Waves : RHP Ben Davis
Batting: RHB Lúcio Montoya 0-0: Called Strike
0-1: Ball
1-1: Called Strike
1-2: SINGLE (Groundball, 5L)
Batting: LHB Rubén Alte 0-0: Ball
1-0: Ball
2-0: Called Strike
2-1: Ball
3-1: Grounds into double play, 4-6-3 (Groundball, 4)
Batting: SHB Matthieu Servergnini 0-0: Swinging Strike
0-1: Ball
1-1: Swinging Strike
1-2: Ball
2-2: Ball
3-2: Foul Ball, location: 2F
3-2: Base on Balls
Pinch Hitting: LHB Jesús Vargas 0-0: Ball
1-0: Called Strike
1-1: Fly out, F9 (Line Drive, 9M)
Bottom of the 7th over - 0 run(s), 1 hit(s), 0 error(s), 1 left on base; Columbus 4 - Philadephia 1776 1
TOP OF THE 8TH
Columbus Tidal Waves batting - Pitching for Philadephia 1776 BC : LHP Michael Campbell
Pitching: RHP Ray Gordon
Batting: LHB Trent Kershaw 0-0: Ball
1-0: Ball
2-0: Ground out 6-3 (Groundball, 6M)
Batting: RHB Brian Lynch 0-0: Called Strike
0-1: Foul Ball, location: 2F
0-2: Foul Ball, location: 2F
0-2: Ground out 6-3 (Groundball, 6M)
Batting: SHB Ben Davis 0-0: Ball
1-0: Foul Ball, location: 2F
1-1: Foul Ball, location: 2F
1-2: Ball
2-2: Foul Ball, location: 2F
2-2: Strikes out swinging
Top of the 8th over - 0 run(s), 0 hit(s), 0 error(s), 0 left on base; Columbus 4 - Philadephia 1776 1
BOTTOM OF THE 8TH
Philadephia 1776 BC batting - Pitching for Columbus Tidal Waves : RHP Ben Davis
Batting: LHB Manuel García 0-0: Ball
1-0: Called Strike
1-1: Ball
2-1: Fly out, F8 (Flyball, 8RM)
Pitching: RHP Omer van Osch
Batting: RHB José Ramos 0-0: Hit by Pitch
Batting: RHB Tommy Jones 0-0: Fly out, F7 (Flyball, 7M)
Batting: RHB Brian O'Brian 0-0: Ball
1-0: Fly out, F7 (Line Drive, 7S)
Bottom of the 8th over - 0 run(s), 0 hit(s), 0 error(s), 1 left on base; Columbus 4 - Philadephia 1776 1
TOP OF THE 9TH
Columbus Tidal Waves batting - Pitching for Philadephia 1776 BC : RHP Ray Gordon
Batting: RHB Cale Sutton 0-0: Ball
1-0: Called Strike
1-1: Called Strike
1-2: Ball
2-2: Foul Ball, location: 2F
2-2: Ball
3-2: Foul Ball, location: 2F
3-2: Base on Balls
Batting: RHB George McDonald 0-0: Foul Ball, location: 2F
0-1: Ball
1-1: Grounds into double play, 6-4-3 (Groundball, 6)
Batting: LHB Gonzalo López 0-0: Foul Ball, location: 2F
0-1: Ground out U3 (Groundball, 3S)
Top of the 9th over - 0 run(s), 0 hit(s), 0 error(s), 0 left on base; Columbus 4 - Philadephia 1776 1
BOTTOM OF THE 9TH
Philadephia 1776 BC batting - Pitching for Columbus Tidal Waves : RHP Omer van Osch
Pitching: RHP Eric Miller
Batting: RHB Tanner Watkins 0-0: Called Strike
0-1: Swinging Strike
0-2: Reached on error, E6 (Groundball, 6M)
Batting: RHB Lúcio Montoya 0-0: Ball
1-0: SINGLE (Line Drive, 89S)
Tanner Watkins to second
Batting: LHB Rubén Alte 0-0: Grounds into double play, 3-6-1 (Groundball, 3)
Tanner Watkins to third
Batting: SHB Matthieu Servergnini 0-0: Fly out, F8 (Flyball, 8RM)
Bottom of the 9th over - 0 run(s), 1 hit(s), 1 error(s), 1 left on base; Columbus 4 - Philadephia 1776 1
This league is powered by Out of the Park Baseball, the baseball management simulation game for PC, Mac and Linux
Saturday, February 27th, 2021 - OOTP Baseball 15.6 Build 34